Map: Dusk Towers

Players

Boombox - Winner!

  • Race: Protoss Protoss
  • League: Grandmaster

IIIIIIIIIIII

  • Race: Protoss Protoss
  • League: Master

Event: NationWars III

VOD

Have the link to the VOD?

Description

Time

  • Played on: Nov. 22, 2015, 12:13 p.m.
  • Length: 8:32
Show
View Real Time Build Order
Export as new Build Order

Boombox Protoss - Winner!

Build Orders: Blink Stalkers, Zealot Archon 

Get SALT Encoding   

  12  0:01  Probe (Chrono Boost)  
  13  0:12  Probe (Chrono Boost)  
  14  0:17  Pylon  
  14  0:22  Probe (Chrono Boost)  
  15  0:36  Probe (Chrono Boost), Gateway  
  16  0:46  Probe (Chrono Boost)  
  16  0:47  Assimilator  
  18  0:57  Probe (Chrono Boost)  
  18  0:58  Assimilator  
  18  1:07  Probe (Chrono Boost)  
  19  1:18  Probe (Chrono Boost)  
  20  1:24  Cybernetics Core  
  20  1:28  Probe (Chrono Boost)  
  21  1:39  Probe (Chrono Boost)  
  22  1:48  Nexus  
  22  1:49  Probe (Chrono Boost)  
  23  2:09  Pylon  
  23  2:10  Warp Gate (Chrono Boost)  
  23  2:15  Twilight Council  
  23  2:27  Probe  
  23  2:29  Stalker (Chrono Boost)  
  26  2:39  Mothership Core  
  28  2:58  Probe  
  28  2:59  Stalker (Chrono Boost)  
  28  3:00  Probe  
  28  3:04  Gateway  
  32  3:07  Pylon  
  32  3:09  Probe  
  33  3:14  Probe (Chrono Boost)  
  33  3:15  Blink  
  34  3:23  Probe (Chrono Boost)  
  34  3:26  Probe (Chrono Boost)  
  36  3:34  Robotics Facility  
  36  3:35  Probe (Chrono Boost)  
  36  3:37  Probe (Chrono Boost)  
  38  3:44  Probe (Chrono Boost)  
  38  3:47  Probe (Chrono Boost)  
  40  3:52  Sentry (Chrono Boost)  
  40  3:54  Probe  
  42  3:59  Probe  
  42  4:05  Probe  
  42  4:09  Pylon  
  43  4:11  Probe  
  43  4:15  Probe  
  45  4:20  Assimilator  
  45  4:21  Observer  
  45  4:23  Probe  
  47  4:25  Forge  
  47  4:26  Probe  
  48  4:35  Probe (Chrono Boost)  
  48  4:36  Gateway  
  48  4:37  Probe (Chrono Boost)  
  50  4:42  Stalker, Assimilator  
  52  4:46  Stalker  
  52  4:47  Probe (Chrono Boost)  
  55  4:54  Gateway  
  55  4:58  Protoss Ground Weapons Level 1 (Chrono Boost)  
  55  5:01  Gateway  
  55  5:08  Stalker  
  55  5:11  Warp Prism  
  59  5:22  Gateway  
  59  5:26  Stalker  
  61  5:35  Gateway  
  61  5:36  Pylon  
  61  5:42  Gateway  
  61  5:43  Pylon  
  61  5:49  Templar Archives  
  61  5:50  Probe  
  61  5:52  Probe  
  63  6:02  Pylon  
  63  6:03  Probe  
  64  6:05  Stalker  
  64  6:06  Stalker  
  64  6:08  Probe  
  69  6:17  Adept x2  
  73  6:24  Adept x2  
  77  6:33  High Templar x2  
  77  6:37  Archon  
  77  6:38  High Templar  
  77  6:39  High Templar  
  85  6:45  Probe  
  86  6:47  Archon  
  86  6:52  Nexus  
  86  6:59  Pylon  
  86  7:04  Pylon  
  86  7:09  Pylon  
  86  7:15  Probe, Pylon  
  86  7:19  Pylon  
  86  7:21  High Templar  
  86  7:22  Stalker x2, High Templar  
  93  7:24  Zealot x2  
  93  7:25  Archon  
  99  7:39  Stalker x2  
  103  7:49  Stalker x3  
  109  7:54  Zealot x2  
  113  8:07  Probe  
  113  8:09  Probe  
  105  8:19  Probe  
  100  8:20  Stalker x5  
Show
View Real Time Build Order
Export as new Build Order

IIIIIIIIIIII Protoss 

Build Orders: Oracle Opening 

Get SALT Encoding   

  12  0:02  Probe (Chrono Boost)  
  13  0:13  Probe (Chrono Boost)  
  14  0:23  Pylon  
  14  0:24  Probe (Chrono Boost)  
  15  0:41  Probe (Chrono Boost)  
  16  0:42  Gateway  
  16  0:48  Assimilator  
  16  0:51  Probe (Chrono Boost)  
  16  0:55  Assimilator  
  17  1:02  Probe (Chrono Boost)  
  18  1:08  Pylon  
  18  1:12  Probe (Chrono Boost)  
  19  1:23  Probe (Chrono Boost)  
  20  1:33  Probe (Chrono Boost)  
  20  1:34  Cybernetics Core  
  21  1:44  Probe (Chrono Boost)  
  22  1:55  Probe (Chrono Boost)  
  24  2:15  Mothership Core (Chrono Boost), Stargate  
  25  2:29  Warp Gate  
  25  2:33  Probe (Chrono Boost)  
  26  2:39  Nexus  
  26  2:49  Probe (Chrono Boost)  
  27  3:01  Oracle (Chrono Boost)  
  29  3:09  Probe  
  29  3:12  Pylon  
  30  3:21  Probe  
  31  3:30  Stalker  
  31  3:32  Oracle (Chrono Boost)  
  31  3:33  Probe  
  37  3:46  Probe (Chrono Boost), Pylon  
  38  3:56  Probe (Chrono Boost)  
  38  3:57  Probe (Chrono Boost)  
  38  3:59  Pylon  
  40  4:06  Probe (Chrono Boost)  
  40  4:08  Probe (Chrono Boost)  
  42  4:15  Assimilator  
  42  4:16  Assimilator  
  43  4:17  Probe (Chrono Boost)  
  43  4:18  Probe (Chrono Boost)  
  44  4:26  Probe (Chrono Boost), Void Ray (Chrono Boost)  
  44  4:29  Probe  
  50  4:36  Probe  
  48  4:41  Probe  
  49  4:47  Probe  
  50  4:53  Probe, Stargate  
  50  4:54  Stargate  
  50  4:56  Pylon  
  50  4:57  Probe  
  52  5:03  Sentry  
  52  5:05  Probe  
  55  5:08  Probe  
  55  5:13  Void Ray (Chrono Boost)  
  60  5:17  Probe  
  60  5:19  Probe  
  62  5:29  Probe  
  62  5:31  Nexus  
  62  5:33  Pylon  
  63  5:36  Probe  
  63  5:41  Probe  
  65  5:42  Zealot  
  65  5:47  Probe  
  68  5:51  Void Ray (Chrono Boost)  
  72  5:58  Void Ray (Chrono Boost)  
  76  6:10  Probe x2  
  82  6:13  Void Ray (Chrono Boost)  
  82  6:17  Pylon x2  
  82  6:21  Pylon  
  82  6:23  Probe x2  
  82  6:25  Protoss Air Weapons Level 1  
  84  6:35  Void Ray (Chrono Boost)  
  84  6:39  Probe x2  
  90  6:54  Probe x3  
  90  6:55  Fleet Beacon  
  90  7:00  Assimilator  
  93  7:03  Zealot  
  93  7:04  Probe, Assimilator  
  89  7:19  Probe  
  89  7:21  Probe  
  91  7:31  Probe  
  91  7:33  Probe  
  92  7:43  Probe  
  93  7:44  Zealot  
  93  7:45  Probe  
  93  7:48  Probe  
  109  7:54  Forge, Pylon  
  109  7:56  Probe  
  109  7:57  Probe  
  117  8:00  Probe  
  117  8:01  Pylon  
  117  8:03  Pylon  
  91  8:22  Zealot  
Tags
 
Add a new tag
Caveats
  • Supply blocks, unpowered buildings, or Contaminate may cause inaccurate times.
  • Supply counts are checked every 10 seconds.